MWL (24 & UNDER)
CINCINNATI PRIDE @ WISCONSIN RAPIDS RANGERS
05/28/2024
 
TOP OF THE 1ST
Cincinnati Pride batting - Pitching for Wisconsin Rapids Rangers : LHP Manuel Perea
Pitching: LHP Manuel Perea
Batting: RHB Larry Booth 0-0: Ground out 1-3 (Groundball, 15S)
Batting: RHB Gabriel Villegas 0-0: Ball
1-0: Ball
2-0: Swinging Strike
2-1: Ball
3-1: Foul Ball, location: 2F
3-2: Base on Balls
Batting: RHB Pablo Gómez 0-0: Called Strike
0-1: Swinging Strike
0-2: Strikes out swinging
Batting: RHB Roberto Chávez 0-0: Ball
1-0: Swinging Strike
1-1: Ball
2-1: Foul Ball, location: 2F
2-2: Ball
3-2: Foul Ball, location: 2F
3-2: Fly out, F8 (Flyball, 8RM)
Top of the 1st over - 0 run(s), 0 hit(s), 0 error(s), 1 left on base; Cincinnati 0 - Wisconsin Rapids 0
BOTTOM OF THE 1ST
Wisconsin Rapids Rangers batting - Pitching for Cincinnati Pride : RHP Rusty van Rhee
Pitching: RHP Rusty van Rhee
Batting: RHB Troy Reed 0-0: Ball
1-0: Swinging Strike
1-1: Swinging Strike
1-2: Foul Ball, location: 2F
1-2: Foul Ball, location: 2F
1-2: Foul Ball, location: 2F
1-2: Ball
2-2: Foul Ball, location: 2F
2-2: Strikes out swinging
Batting: LHB Alex Henderson 0-0: Ball
1-0: Foul Ball, location: 2F
1-1: Ball
2-1: Ground out 6-3 (Groundball, 4M)
Batting: SHB José López 0-0: Called Strike
0-1: Called Strike
0-2: Strikes out swinging
Bottom of the 1st over - 0 run(s), 0 hit(s), 0 error(s), 0 left on base; Cincinnati 0 - Wisconsin Rapids 0
TOP OF THE 2ND
Cincinnati Pride batting - Pitching for Wisconsin Rapids Rangers : LHP Manuel Perea
Batting: RHB Juan Martínez 0-0: SINGLE (Groundball, 23) (infield hit)
Batting: RHB Wilson Flores 0-0: Ball
Wild Pitch!
Juan Martínez to second
1-0: Hit by Pitch
Batting: RHB Álex Hernández 0-0: Foul Ball, location: 2F
0-1: Ball
1-1: Ball
2-1: Ball
3-1: Foul Ball, location: 2F
3-2: Foul Ball, location: 2F
3-2: Base on Balls
Juan Martínez to third
Wilson Flores to second
Batting: RHB Michael Skinner 0-0: Called Strike
0-1: Ball
1-1: Ball
2-1: SINGLE (Groundball, 4MD)
Juan Martínez scores
Wilson Flores to third
Álex Hernández to second
Batting: RHB Norris Howard 0-0: Ball
1-0: Called Strike
1-1: DOUBLE (Groundball, 5L)
Wilson Flores scores
Álex Hernández scores
Michael Skinner to third
Runner from 3rd tries for Home, SAFE, no throw or cutoff
Batting: RHB Larry Booth 0-0: DOUBLE (Flyball, 78M)
Norris Howard scores
Batting: RHB Gabriel Villegas 0-0: Foul Ball, location: 2F
0-1: Ball
1-1: SINGLE (Groundball, 5D)
Larry Booth to third
Batting: RHB Pablo Gómez 0-0: Ball
1-0: Ball
2-0: Ball
3-0: Called Strike
3-1: Called Strike
3-2: Base on Balls
Gabriel Villegas to second
Batting: RHB Roberto Chávez 0-0: Ball
1-0: Grounds into double play, 5-4-3 (Groundball, 56)
Larry Booth scores
Gabriel Villegas to third
Batting: RHB Juan Martínez 0-0: Called Strike
0-1: Foul Ball, location: 2F
0-2: Ball
1-2: Ball
2-2: Foul Ball, location: 2F
2-2: Strikes out swinging
Top of the 2nd over - 6 run(s), 5 hit(s), 0 error(s), 1 left on base; Cincinnati 6 - Wisconsin Rapids 0
BOTTOM OF THE 2ND
Wisconsin Rapids Rangers batting - Pitching for Cincinnati Pride : RHP Rusty van Rhee
Batting: RHB Danny Campbell 0-0: Called Strike
0-1: Ball
1-1: Fly out, F7 (Line Drive, 78M)
Batting: RHB John Denton 0-0: Called Strike
0-1: Swinging Strike
0-2: Ball
1-2: Foul Ball, location: 2F
1-2: Foul Ball, location: 2F
1-2: Ball
2-2: Ball
3-2: Base on Balls
Batting: RHB Dick Slagboom 0-0: Swinging Strike
0-1: Foul Ball, location: 2F
0-2: TRIPLE (Flyball, 8LM)
John Denton scores
Batting: RHB Cherles Vilo 0-0: Called Strike
0-1: SINGLE (Line Drive, 7S)
Dick Slagboom scores
Batting: RHB James Green 0-0: Called Strike
0-1: Foul Ball, location: 2F
0-2: Ball
1-2: Foul Ball, location: 2F
1-2: Strikes out swinging
Batting: RHB Robert Acosta 0-0: Fly out, F8 (Flyball, 8LM)
Bottom of the 2nd over - 2 run(s), 2 hit(s), 0 error(s), 1 left on base; Cincinnati 6 - Wisconsin Rapids 2
TOP OF THE 3RD
Cincinnati Pride batting - Pitching for Wisconsin Rapids Rangers : LHP Manuel Perea
Batting: RHB Wilson Flores 0-0: Fly out, F7 (Flyball, 78M)
Batting: RHB Álex Hernández 0-0: Called Strike
0-1: Ball
1-1: Ball
2-1: Foul Ball, location: 2F
2-2: Strikes out looking
Batting: RHB Michael Skinner 0-0: Ball
1-0: Foul Ball, location: 2F
1-1: Ball
2-1: Called Strike
2-2: SINGLE (Groundball, 6)
Batting: RHB Norris Howard 0-0: Called Strike
0-1: Foul Ball, location: 2F
0-2: Strikes out swinging
Top of the 3rd over - 0 run(s), 1 hit(s), 0 error(s), 1 left on base; Cincinnati 6 - Wisconsin Rapids 2
BOTTOM OF THE 3RD
Wisconsin Rapids Rangers batting - Pitching for Cincinnati Pride : RHP Rusty van Rhee
Batting: RHB Troy Reed 0-0: Ground out 1-3 (Groundball, 13S)
Batting: LHB Alex Henderson 0-0: Ball
1-0: Foul Ball, location: 2F
1-1: Swinging Strike
1-2: SINGLE (Line Drive, 4MD)
Batting: SHB José López 0-0: Ball
1-0: Called Strike
1-1: Grounds out, U3 (Groundball, 3L)
Batting: RHB Danny Campbell 0-0: Ball
1-0: Fly out, F7 (Flyball, 7LM)
Bottom of the 3rd over - 0 run(s), 1 hit(s), 0 error(s), 1 left on base; Cincinnati 6 - Wisconsin Rapids 2
TOP OF THE 4TH
Cincinnati Pride batting - Pitching for Wisconsin Rapids Rangers : LHP Manuel Perea
Batting: RHB Larry Booth 0-0: Called Strike
0-1: Ball
1-1: Foul Ball, location: 2F
1-2: Foul Ball, location: 2F
1-2: Strikes out swinging
Batting: RHB Gabriel Villegas 0-0: DOUBLE (Groundball, 3L)
Batting: RHB Pablo Gómez 0-0: Foul Ball, location: 2F
0-1: Swinging Strike
0-2: Strikes out swinging
Batting: RHB Roberto Chávez 0-0: Foul Ball, location: 2F
0-1: Ball
1-1: Swinging Strike
1-2: Ball
2-2: Ball
Wild Pitch!
Gabriel Villegas to third
3-2: Base on Balls
Pitching: RHP Ben Messer
Batting: RHB Juan Martínez 0-0: Foul Ball, location: 2F
0-1: Ball
1-1: Hit by Pitch
Roberto Chávez to second
Batting: RHB Wilson Flores 0-0: Ball
1-0: Ball
2-0: Ball
3-0: Called Strike
3-1: Base on Balls
Gabriel Villegas scores
Roberto Chávez to third
Juan Martínez to second
Batting: RHB Álex Hernández 0-0: Fly out, F7 (Flyball, 7D)
Top of the 4th over - 1 run(s), 1 hit(s), 0 error(s), 3 left on base; Cincinnati 7 - Wisconsin Rapids 2
BOTTOM OF THE 4TH
Wisconsin Rapids Rangers batting - Pitching for Cincinnati Pride : RHP Rusty van Rhee
Batting: RHB John Denton 0-0: Ball
1-0: Called Strike
1-1: Swinging Strike
1-2: Strikes out swinging
Batting: RHB Dick Slagboom 0-0: Ball
1-0: Swinging Strike
1-1: Reached on error, E5 (Groundball, 5L)
Batting: RHB Cherles Vilo 0-0: Fly out, F8 (Flyball, 8LM)
Batting: RHB James Green 0-0: Ground out 6-3 (Groundball, 6MS)
Bottom of the 4th over - 0 run(s), 0 hit(s), 1 error(s), 1 left on base; Cincinnati 7 - Wisconsin Rapids 2
TOP OF THE 5TH
Cincinnati Pride batting - Pitching for Wisconsin Rapids Rangers : RHP Ben Messer
Batting: RHB Michael Skinner 0-0: Hit by Pitch
Batting: RHB Norris Howard 0-0: Ball
1-0: Swinging Strike
1-1: Called Strike
1-2: Strikes out swinging
Batting: RHB Larry Booth 0-0: Ball
1-0: Called Strike
1-1: Swinging Strike
1-2: Strikes out swinging
Batting: RHB Gabriel Villegas 0-0: Ball
1-0: Fielders Choice at 2nd, 5-4 (Groundball, 56)
Top of the 5th over - 0 run(s), 0 hit(s), 0 error(s), 0 left on base; Cincinnati 7 - Wisconsin Rapids 2
BOTTOM OF THE 5TH
Wisconsin Rapids Rangers batting - Pitching for Cincinnati Pride : RHP Rusty van Rhee
Batting: RHB Robert Acosta 0-0: Ball
1-0: Ball
2-0: Ball
3-0: Base on Balls
Batting: RHB Troy Reed 0-0: SINGLE (Groundball, 5L)
Robert Acosta to second
Batting: LHB Alex Henderson 0-0: Fielders Choice at 2nd, 1-4 (Groundball, 15)
Robert Acosta to third
Batting: SHB José López 0-0: Foul Ball, location: 2F
0-1: Called Strike
0-2: Strikes out swinging
Batting: RHB Danny Campbell 0-0: Ball
1-0: Ball
2-0: Foul Ball, location: 2F
2-1: Ball
3-1: Swinging Strike
3-2: Strikes out swinging
Bottom of the 5th over - 0 run(s), 1 hit(s), 0 error(s), 2 left on base; Cincinnati 7 - Wisconsin Rapids 2
TOP OF THE 6TH
Cincinnati Pride batting - Pitching for Wisconsin Rapids Rangers : RHP Ben Messer
Batting: RHB Pablo Gómez 0-0: Swinging Strike
0-1: Foul Ball, location: 2F
0-2: Strikes out looking
Batting: RHB Roberto Chávez Error on foul ball, E7
0-1: Ground out 5-3 (Groundball, 5)
Batting: RHB Juan Martínez 0-0: Foul Ball, location: 2F
0-1: Foul Ball, location: 2F
0-2: Foul Ball, location: 2F
0-2: Ball
1-2: Strikes out looking
Top of the 6th over - 0 run(s), 0 hit(s), 1 error(s), 0 left on base; Cincinnati 7 - Wisconsin Rapids 2
BOTTOM OF THE 6TH
Wisconsin Rapids Rangers batting - Pitching for Cincinnati Pride : RHP Rusty van Rhee
Batting: RHB John Denton 0-0: Called Strike
0-1: DOUBLE (Groundball, 5L)
Batting: RHB Dick Slagboom 0-0: Ball
1-0: Ball
2-0: Ground out 5-3 (Groundball, 5S)
John Denton to third
Batting: RHB Cherles Vilo 0-0: Called Strike
0-1: Called Strike
0-2: Strikes out swinging
Batting: RHB James Green 0-0: Ground out 5-3 (Groundball, 56)
Bottom of the 6th over - 0 run(s), 1 hit(s), 0 error(s), 1 left on base; Cincinnati 7 - Wisconsin Rapids 2
TOP OF THE 7TH
Cincinnati Pride batting - Pitching for Wisconsin Rapids Rangers : RHP Ben Messer
Pitching: RHP Ramiro Maestas
Batting: RHB Wilson Flores 0-0: Called Strike
0-1: Called Strike
0-2: Ball
1-2: Foul Ball, location: 2F
1-2: Strikes out swinging
Batting: RHB Álex Hernández 0-0: Ball
1-0: Ball
2-0: Ball
3-0: Called Strike
3-1: Base on Balls
Batting: RHB Michael Skinner 0-0: Ball
1-0: Foul Ball, location: 2F
1-1: Grounds into double play, 6-4-3 (Groundball, 6M)
Top of the 7th over - 0 run(s), 0 hit(s), 0 error(s), 0 left on base; Cincinnati 7 - Wisconsin Rapids 2
BOTTOM OF THE 7TH
Wisconsin Rapids Rangers batting - Pitching for Cincinnati Pride : RHP Rusty van Rhee
Batting: RHB Robert Acosta 0-0: Called Strike
0-1: Ball
1-1: Foul Ball, location: 2F
1-2: DOUBLE (Flyball, 8LXD)
Pitching: RHP José Gonzáles
Batting: RHB Troy Reed 0-0: Called Strike
0-1: Ball
1-1: Fly out, F7 (Flyball, 78M)
Batting: LHB Alex Henderson 0-0: Foul Ball, location: 2F
0-1: Ground out 4-3 (Groundball, 4)
Robert Acosta to third
Batting: SHB José López 0-0: Foul Ball, location: 2F
0-1: Foul Ball, location: 2F
0-2: Ball
1-2: Ball
2-2: Strikes out swinging
Bottom of the 7th over - 0 run(s), 1 hit(s), 0 error(s), 1 left on base; Cincinnati 7 - Wisconsin Rapids 2
TOP OF THE 8TH
Cincinnati Pride batting - Pitching for Wisconsin Rapids Rangers : RHP Ramiro Maestas
Batting: RHB Norris Howard 0-0: Ball
1-0: Swinging Strike
1-1: Ground out 1-3 (Groundball, 15S)
Batting: RHB Larry Booth 0-0: Ball
1-0: Fly out, F8 (Flyball, 8LM)
Batting: RHB Gabriel Villegas 0-0: Ball
1-0: Ball
2-0: Ball
3-0: Called Strike
3-1: Ground out 1-3 (Groundball, 15S)
Top of the 8th over - 0 run(s), 0 hit(s), 0 error(s), 0 left on base; Cincinnati 7 - Wisconsin Rapids 2
BOTTOM OF THE 8TH
Wisconsin Rapids Rangers batting - Pitching for Cincinnati Pride : RHP José Gonzáles
Batting: RHB Danny Campbell 0-0: Called Strike
0-1: Fly out, F9 (Flyball, 9D)
Batting: RHB John Denton 0-0: Called Strike
0-1: Foul Ball, location: 2F
0-2: Reached on error, E4 (Groundball, 4)
Batting: RHB Dick Slagboom 0-0: Foul Ball, location: 2F
0-1: Swinging Strike
0-2: Strikes out swinging
Batting: RHB Cherles Vilo 0-0: Ball
1-0: Called Strike
1-1: Foul Ball, location: 2F
1-2: Foul Ball, location: 2F
1-2: Ball
2-2: Ball
3-2: Strikes out swinging
Bottom of the 8th over - 0 run(s), 0 hit(s), 1 error(s), 1 left on base; Cincinnati 7 - Wisconsin Rapids 2
TOP OF THE 9TH
Cincinnati Pride batting - Pitching for Wisconsin Rapids Rangers : RHP Ramiro Maestas
Batting: RHB Pablo Gómez 0-0: Ball
1-0: Foul Ball, location: 2F
1-1: Foul Ball, location: 2F
1-2: Foul Ball, location: 2F
1-2: Ball
2-2: Ball
3-2: Strikes out swinging
Batting: RHB Roberto Chávez 0-0: Ball
1-0: Swinging Strike
1-1: Swinging Strike
1-2: DOUBLE (Flyball, 78D)
Batting: RHB Juan Martínez 0-0: Ball
1-0: Ball
2-0: Called Strike
2-1: Ground out 5-3 (Groundball, 56S)
Roberto Chávez to third
Batting: RHB Wilson Flores 0-0: Called Strike
0-1: SINGLE (Line Drive, 7S)
Roberto Chávez scores
Batting: RHB Álex Hernández 0-0: Swinging Strike
0-1: Ball
1-1: Fly out, F7 (Line Drive, 7LD)
Top of the 9th over - 1 run(s), 2 hit(s), 0 error(s), 1 left on base; Cincinnati 8 - Wisconsin Rapids 2
BOTTOM OF THE 9TH
Wisconsin Rapids Rangers batting - Pitching for Cincinnati Pride : RHP José Gonzáles
Batting: RHB James Green 0-0: Ball
1-0: SINGLE (Groundball, 4MD)
Batting: RHB Robert Acosta 0-0: Called Strike
0-1: Foul Ball, location: 2F
0-2: Ball
1-2: DOUBLE (Flyball, 8LXD)
James Green to third
Batting: RHB Troy Reed 0-0: Fly out, F8 (Flyball, 8RS)
Batting: LHB Alex Henderson 0-0: Swinging Strike
0-1: Swinging Strike
0-2: Ball
1-2: Ball
2-2: Foul Ball, location: 2F
2-2: Foul Ball, location: 2F
2-2: Ball
3-2: Foul Ball, location: 2F
3-2: Base on Balls
Batting: SHB José López 0-0: Called Strike
0-1: Ball
1-1: Grounds into double play, 4-6-3 (Groundball, 4)
Bottom of the 9th over - 0 run(s), 2 hit(s), 0 error(s), 2 left on base; Cincinnati 8 - Wisconsin Rapids 2
This league is powered by Out of the Park Baseball, the baseball management simulation game for PC, Mac and Linux
Saturday, April 9th, 2016 - OOTP Baseball 16.8 Build 38